 Dungeon Crawl Stone Soup version 0.31-a0-845-g9abc20d24f (webtiles) character file.

Game seed: 11953234627910739155

627 BinkBink the Shooter (level 7, -2/36 HPs)
             Began as a Spriggan Hunter on Oct 1, 2023.
             Was an Initiate of Ashenzari.
             Killed by divine providence
             ... invoked by an orc priest
              (15 damage)
             ... on level 2 of the Dungeon.
             The game lasted 00:06:51 (2956 turns).

BinkBink the Shooter (Spriggan Hunter)              Turns: 2956, Time: 00:06:52

Health: -2/36      AC:  2    Str:  7    XL:     7   Next: 23%
Magic:  8/8        EV: 26    Int: 10    God:    Ashenzari [......]
Gold:   175        SH:  0    Dex: 21    Spells: 6/6 levels left

rFire   . . .        a - +0 shortbow
rCold   . . .        (shield currently unavailable)
rNeg    . . .        c - +0 robe
rPois   .            r - +0 hat
rElec   .            (no cloak)
rCorr   +            (gloves unavailable)
SInv    +            (boots unavailable)
Will    +....        (no amulet)
Stlth   ++           n - +5 ring of evasion
HPRegen 0.26/turn    e - ring of resist corrosion
MPRegen 0.11/turn

%: no passive effects
@: very quick
A: very small, no large weapons, unfitting armour, see invisible, speed 3
a: Renounce Religion, Curse Item


You were on level 2 of the Dungeon.
You worshipped Ashenzari.
Ashenzari was noncommittal.
You visited 1 branch of the dungeon, and saw 7 of its levels.

You collected 175 gold pieces.

Inventory:

Hand Weapons
 a - a +0 shortbow (weapon)
Armour
 c - a +0 robe (worn)
 r - a +0 hat (worn)
Jewellery
 e - a ring of resist corrosion (right hand)
 n - a +5 ring of evasion (left hand)
Wands
 v - a wand of flame (28)
Scrolls
 b - a scroll of butterflies
 h - 5 scrolls of identify {unknown}
 i - 2 scrolls of enchant weapon {unknown}
 j - a scroll of poison {unknown}
 k - a scroll of teleportation {unknown}
 l - a scroll of revelation {unknown}
 m - 2 scrolls of silence {unknown}
 o - 2 scrolls of blinking {unknown}
 q - a scroll of torment {unknown}
 s - a scroll of enchant armour {unknown}
 t - 2 scrolls of acquirement {unknown}
 u - 2 scrolls of fog {unknown}
 w - a scroll of immolation {unknown}
Potions
 d - 3 potions of resistance {unknown}
 f - a potion of mutation {unknown}
 g - a potion of cancellation {unknown}
 p - 2 potions of curing {unknown}


   Skills:
 + Level 3.5 Fighting
 * Level 6.9 Ranged Weapons
 + Level 5.7 Dodging
 - Level 1.5 Stealth


You had 6 spell levels left.
You didn't know any spells.
Your spell library contained the following spells:

 Spells                   Type           Power      Damage    Failure   Level
 Ignite Poison            Fire/Tmut/Pois 0%         N/A       75%         3
 Sticky Flame             Conj/Fire      0%         2d3       98%         4
 Ignition                 Fire           0%         3d3       100%        8


Dungeon Overview and Level Annotations

Branches:
Dungeon (7/15)
 Temple: D:4-7

Altars:
Ashenzari
Nemelex Xobeh
Vehumet
Xom

Shops:
D:4 !

Annotations:
D:7 Joseph


Innate Abilities, Weirdness & Mutations

You are very small and have problems with some larger weapons.
You are too small for most types of armour.
You have supernaturally acute eyesight. (SInv)
You cover ground extremely quickly. (Speed+++)


Message History

The orc attacks as it pursues you! The orc misses you.
There is a stone staircase leading up here.
The orc priest calls upon Beogh to heal the orc priest.
The orc priest's wounds heal themselves!
The orc completely misses you.
You climb upwards.
There is a stone staircase leading down here.
You shoot an arrow. The arrow barely misses the orc.
The orc completely misses you.
You shoot an arrow. The arrow hits the orc!
You kill the orc!
No target in view!
HP restored.
Done exploring.
You climb downwards.
The orc wizard hits you with a +0 dagger.
The goblin barely misses you.
The orc wizard hits you but does no damage.
There is a stone staircase leading up here.
The orc priest misses you.
The orc priest calls upon Beogh to heal the orc wizard.
The orc wizard is healed somewhat.
The goblin hits you with a +0 dagger. The orc wizard completely misses you.
You climb upwards.
There is a stone staircase leading down here.
You shoot an arrow.
The arrow hits the orc wizard but does no damage.
The orc wizard is lightly wounded.
The orc priest mumbles some strange prayers to Beogh against you.
Beogh smites you! The goblin misses you. The orc wizard barely misses you.
You shoot an arrow. The arrow barely misses the orc wizard.
The orc priest misses you. The goblin misses you.
The orc wizard gestures at you while chanting.
The magic dart hits you!
You are too injured to fight recklessly!
The orc priest calls upon Beogh to heal the orc wizard.
The orc wizard's wounds heal themselves!
The orc priest invokes the aid of Beogh against you.
Beogh smites you!
You die...

#.#.....#..#####
#.###.###.##
#.........#
##..###.###
#..##..#
#.o...########
####g...........##
#^..#)#########..##
#.#@#.# ##†.##
#.#.#.# ##..#
#.#.#(# ##..
#.#.#.# ##. #.#.#.#
#. #.#.#)# #.
#.#<#.# #. #....(#
## ####### #


You could see an orc priest and a goblin.

Vanquished Creatures
  2 scorpions (D:5)
  2 wights
  2 hounds
  2 iguanas
  A sleepcap (D:6)
  4 orc wizards
  3 gnolls (D:2)
  5 adders
  2 worms (D:2)
  3 dart slugs
  16 orcs
  7 endoplasms
  5 giant cockroaches
  5 hobgoblins
  3 jackals (D:1)
  5 kobolds
  A quokka (D:2)
  3 ball pythons
  4 bats
  2 frilled lizards
  6 goblins
  3 rats
86 creatures vanquished.

Notes
Turn   | Place    | Note
-------+----------+-------------------------------------------
     0 | D:1      | BinkBink the Spriggan Hunter began the quest for the Orb.
     0 | D:1      | Reached XP level 1. HP: 10/10 MP: 2/2
   152 | D:1      | Reached XP level 2. HP: 15/15 MP: 3/3
   546 | D:2      | Reached XP level 3. HP: 11/18 MP: 4/4
   626 | D:2      | Reached XP level 4. HP: 23/23 MP: 5/5
   843 | D:2      | Reached skill level 5 in Ranged Weapons
  1079 | D:3      | You fall into a shaft and drop 3 floors!
  1079 | D:6      | Found a broken altar of Ashenzari.
  1135 | D:6      | Became a worshipper of Ashenzari the Shackled
  1195 | D:6      | Reached XP level 5. HP: 23/27 MP: 6/6
  1296 | D:7      | Noticed Joseph
  1624 | D:7      | Noticed a phantom
  1729 | D:6      | Reached XP level 6. HP: 32/32 MP: 7/7
  1817 | D:6      | Reached skill level 6 in Ranged Weapons
  2002 | D:5      | Entered Level 5 of the Dungeon
  2120 | D:5      | Reached skill level 5 in Dodging
  2138 | D:5      | Found a radiant altar of Vehumet.
  2185 | D:5      | Found a shimmering altar of Xom.
  2414 | D:5      | Reached XP level 7. HP: 19/36 MP: 8/8
  2488 | D:4      | Found a sparkling altar of Nemelex Xobeh.
  2685 | D:4      | Found Rumnimo's Distillery.
  2956 | D:2      | Killed from afar by an orc priest

Illustrated notes

Levels and vault maps discovered:
D:1:      dpeg_arrival_another_circle, layout_rooms
D:2:      layout_basic
D:3:      layout_rooms, nicolae_ru_great_annihilating_truth,
          dilly_ecumenical_altar_fadedgnrine, serial_bayou_pond_d
D:4:      layout_basic, mainiacjoe_overflow_concentric_impassable,
          lemuel_coloured_pillars_altar, serial_shops, shop, minmay_bent
D:5:      layout_basic, kennysheep_little_box, mainiacjoe_overflow_alcove_1,
          mainiacjoe_overflow_boulevard, gammafunk_ghost_hive
D:6:      layout_loops_ring, nicolae_overflow_hidden_temple, temple_doors_e,
          serial_shops, shop_fountains
D:7:      layout_rooms, lightli_orcish_oven, uniq_joseph, uniq_prince_ribbit1

Skill      XL: |  1  2  3  4  5  6 |
---------------+-------------------+-----
Dodging        | 3 4 5 |  5.7
Fighting       | 2 3 |  3.5
Ranged Weapons | 5 6 |  6.9
Stealth        | |  1.5

Action                     |  1- 3 |  4- 6 |  7- 9 || total
---------------------------+-------+-------+-------++-------
   Fire: Shortbow          |    78 |   181 |    94 ||   353
 Armour: Robe              |     7 |    25 |    12 ||    44
  Dodge: Dodged            |    20 |    89 |    31 ||   140

Table legend: (Time is in decaauts)
 A = Elapsed time spent in this place.
 B = Non-inter-level travel time spent in this place.
 C = Inter-level travel time spent in this place.
 D = Time resting spent in this place.
 E = Time spent auto-exploring this place.
 F = Levels seen in this place.
 G = Mean time per level.
                   A        B        C        D        E       F      G
               +--------+--------+--------+--------+--------+-----+--------+
         Total |   2237 |   2170 |     67 |    110 |   1313 |   7 |  319.6 |
       Dungeon |   2237 |   2170 |     67 |    110 |   1313 |   7 |  319.6 |
               +--------+--------+--------+--------+--------+-----+--------+

Top non-repeatable levels by time:
     D:2: 413 daAuts
     D:7: 412 daAuts
     D:6: 336 daAuts
     D:1: 330 daAuts
     D:4: 307 daAuts
     D:5: 298 daAuts
     D:3: 139 daAuts
